 Dungeon Sprint DCSS version 0.28.0-43-g3370ac3207 (webtiles) character file.

Game seed: 351224992720710080

453 boopmooplesden the Spear-Bearer (level 6, -1/102 HPs)
             Began as a Minotaur Berserker on Mar 16, 2022.
             Was a Believer of Trog.
             Slain by a red devil
             ... wielding a +2 demon trident of electrocution
             ... summoned by a kobold demonologist
              (16 damage)
             ... while paralysed by a floating eye
             ... in the Dungeon (Sprint I: "Red Sonja").
             The game lasted 00:00:42 (511 turns).

boopmooplesden the Spear-Bearer (Minotaur Berserker) Turns: 511, Time: 00:00:42

Health: -1/102     AC:  3    Str: 22    XL:     6   Next: 75%
Magic:  5/5        EV:  2    Int:  4    God:    Trog [**....]
Gold:   270        SH:  0    Dex: 11    Spells: 5/5 levels left

rFire   . . .      SeeInvis .   a - +0 spear
rCold   . . .      Faith    .   (no shield)
rNeg    . . .      Spirit   .   k - +0 leather armour
rPois   .          Reflect  .   (helmet restricted)
rElec   .          Harm     .   (no cloak)
rCorr   .          Rampage  .   (no gloves)
Will    .....      NoTele   +   (no boots)
Stlth   ..........              (no amulet)
HPRegen 0.27/turn               (no ring)
MPRegen 0.09/turn               (no ring)

@: paralysed, berserking, spiked
A: horns 2, retaliatory headbutt
a: Renounce Religion, Berserk, Trog's Hand


You were in the Dungeon.
You worshipped Trog.
Trog was pleased with you.
You visited 1 branch You collected 270 gold pieces.

Inventory:

Hand Weapons
 a - a +0 spear (weapon)
Armour
 b - a +0 animal skin
 k - a +0 leather armour (worn)
Wands
 i - a wand of acid (7)
Scrolls
 h - a scroll of blinking
Potions
 c - a potion of curing
 d - a potion of heal wounds
 e - a potion of haste
 f - 2 potions of magic
 g - a potion of berserk rage
 j - a potion of flight {unknown}


   Skills:
 + Level 11.3 Fighting
 + Level 11.7 Polearms
 + Level 5.6 Armour
 + Level 5.7 Dodging
 + Level 1.0 Stealth


You had 5 spell levels left.
You didn't know any spells.
Your spell library was empty.

Dungeon Overview and Level Annotations

Branches:
Dungeon (1/1)

Altars:
Makhleb
Xom
Jiyva
Lugonu


Innate Abilities, Weirdness & Mutations

You have a pair of horns on your head.
You reflexively headbutt those who attack you in melee.


Message History

You now have 270 gold pieces (gained 27).
You open the door.
A kobold demonologist and a floating eye come into view.
The kobold demonologist shouts!
You hear a shout!
A kobold demonologist comes into view. It is wielding a +0 dagger.
The floating eye's stare focuses on you.
The kobold demonologist casts a spell.
There is an open door here.
A red film seems to cover your vision as you go berserk!
You feel yourself moving faster!
You feel mighty!
The kobold demonologist hits you with a +0 dagger.
The kobold demonologist casts a spell.
The red devil hits you from afar with a +2 demon trident of electrocution!!
Barbed spikes become lodged in your body.
You closely miss the kobold demonologist.
You headbutt the kobold demonologist!
The kobold demonologist is lightly wounded.
You miss the kobold demonologist.
Your headbutt misses the kobold demonologist.
The kobold demonologist is lightly wounded.
The floating eye gazes piercingly through you!
You suddenly lose the ability to move!
The kobold demonologist hits you with a +0 dagger.
The kobold demonologist mumbles some strange words.
The red devil hits you from afar with a +2 demon trident of electrocution!
Barbed spikes become lodged in your body.
The chaos spawn gores you! The chaos spawn freezes you!
The kobold demonologist hits you but does no damage.
The red devil hits you from afar with a +2 demon trident of electrocution!
Barbed spikes become lodged in your body.
The chaos spawn gores you but does no damage.
The floating eye seems to glare at you. The smoke demon gestures at you.
Something smites you!
* * * LOW HITPOINT WARNING * * *
The kobold demonologist hits you with a +0 dagger.
* * * LOW HITPOINT WARNING * * *
The chaos spawn completely misses you.
The red devil hits you from afar with a +2 demon trident of electrocution!
You die...

#####################
.').#.)'..#__#..@KG3#
.#..'..#..'..'..#4K.#
###'#####+#__####.4.+
#..# #### #### ####


You could see 2 kobold demonologists, a smoke demon (summoned), a chaos spawn
(summoned), a red devil (summoned) and a floating eye (charged).

Vanquished Creatures
  A slime creature (D)
  Sigmund (D)
  An ogre (D)
  Ijyb (D)
4 creatures vanquished.

Notes
Turn   | Place    | Note
-------+----------+-------------------------------------------
     0 | D        | boopmooplesden the Minotaur Berserker began the quest for
                  | the Orb.
     0 | D        | Reached XP level 1. HP: 19/19 MP: 0/0
     2 | D        | Noticed Ijyb
     8 | D        | Killed Ijyb
     9 | D        | Reached skill level 5 in Fighting
     9 | D        | Reached skill level 5 in Polearms
     9 | D        | Reached XP level 2. HP: 4/29 MP: 1/1
   294 | D        | Noticed an ogre
   296 | D        | Killed an ogre
   297 | D        | Reached XP level 3. HP: 39/39 MP: 2/2
   297 | D        | Reached XP level 4. HP: 47/47 MP: 3/3
   354 | D        | Noticed Sigmund
   362 | D        | Killed Sigmund
   362 | D        | Reached ** piety under Trog
   363 | D        | Reached skill level 10 in Polearms
   363 | D        | Reached skill level 5 in Dodging
   363 | D        | Reached XP level 5. HP: 58/58 MP: 4/4
   363 | D        | Reached XP level 6. HP: 66/66 MP: 5/5
   401 | D        | Found a burning altar of Makhleb.
   401 | D        | Found a viscous altar of Jiyva.
   401 | D        | Found a shimmering altar of Xom.
   401 | D        | Found a corrupted altar of Lugonu.
   401 | D        | Noticed a slime creature
   410 | D        | Killed a slime creature
   411 | D        | Reached skill level 5 in Armour
   411 | D        | Reached skill level 1 in Stealth
   504 | D        | Noticed a kobold demonologist
   504 | D        | Noticed a floating eye
   504 | D        | Noticed a kobold demonologist
   506 | D        | Noticed a red devil
   507 | D        | Noticed a chaos spawn
   508 | D        | Paralysed by a floating eye for 3 turns
   510 | D        | Noticed a smoke demon
   511 | D        | Slain by a red devil

Illustrated notes

Levels and vault maps discovered:
D:        dungeon_sprint_1 [red_sonja_temple_1, red_sonja_temple_small_1]

Skill      XL: |  1  2  3  4  5  6 |
---------------+-------------------+-----
Fighting       | 5 7 9 11 | 11.3
Polearms       | 5 7 10 11 | 11.7
Armour         | 3 4 5 |  5.6
Dodging        | 3 5 |  5.7
Stealth        | 1 |  1.0

Action                   |  1- 3 |  4- 6 || total
-------------------------+-------+-------++-------
Melee: Spear             |     7 |    15 ||    22
       Headbutt          |     2 |     5 ||     7
Invok: Berserk           |     2 |     3 ||     5
Armor: Leather armour    |       |     3 ||     3
Dodge: Dodged            |       |     3 ||     3
